 Dungeon Crawl Stone Soup version 0.28.0-45-g0d030f2227 (webtiles) character file.

Game seed: 2408400319662984788

88 101zpm the Chopper (level 4, -2/41 HPs)
             Began as a Gnoll Cinder Acolyte on Apr 21, 2022.
             Was a High Priest of Ignis.
             Slain by an adder (4 damage)
             ... on level 4 of the Dungeon.
             The game lasted 00:05:31 (4001 turns).

101zpm the Chopper (Gnoll Cinder Acolyte)           Turns: 4001, Time: 00:05:31

Health: -2/41      AC:  2    Str: 14    XL:     4   Next: 53%
Magic:  2/2        EV: 11    Int: 15    God:    Ignis [*****.]
Gold:   184        SH:  0    Dex:  7    Spells: 7/9 levels left

rFire   + . .      SeeInvis .   l - +1 spear (antimagic)
rCold   . . .      Faith    .   (no shield)
rNeg    . . .      Spirit   .   b - +0 robe
rPois   .          Reflect  .   (no helmet)
rElec   .          Harm     .   (no cloak)
rCorr   .          Rampage  .   (no gloves)
Will    .....                   (no boots)
Stlth   +.........              (no amulet)
HPRegen 0.13/turn               (no ring)
MPRegen 0.08/turn               (no ring)

@: lethally poisoned (-2 -> -3)
A: fangs 1, strong nose, distributed training
a: Renounce Religion, Fiery Armour, Foxfire Swarm, Rising Flame


You were on level 4 of the Dungeon.
You worshipped Ignis.
Ignis was extremely pleased with you.
You visited 1 branch of the dungeon, and saw 4 of its levels.

You collected 184 gold pieces.

Inventory:

Hand Weapons
 a - a -1 hand axe of flaming
 l - a +1 antimagic spear (weapon)
Armour
 b - a +0 robe (worn)
Jewellery
 j - an amulet of guardian spirit
Scrolls
 d - a scroll of amnesia
 g - a scroll of fear
 i - 2 scrolls of blinking
 k - a scroll of teleportation {unknown}
 m - 2 scrolls of noise
Potions
 c - a potion of heal wounds {unknown}
 e - 2 potions of curing {unknown}
 f - a potion of resistance {unknown}


   Skills:
 + Level 6.6 Fighting
 + Level 1.2 Short Blades
 + Level 1.2 Long Blades
 + Level 6.6 Axes
 + Level 1.2 Maces & Flails
 + Level 1.2 Polearms
 + Level 1.2 Staves
 + Level 1.2 Slings
 + Level 1.2 Bows
 + Level 1.2 Crossbows
 + Level 1.2 Throwing
 + Level 1.2 Armour
 + Level 1.2 Dodging
 + Level 1.2 Stealth
 + Level 1.2 Shields
 + Level 1.2 Unarmed Combat
 + Level 3.0 Spellcasting
 + Level 1.0 Conjurations
 + Level 1.0 Hexes
 + Level 1.0 Summonings
 + Level 1.0 Necromancy
 + Level 1.0 Translocations
 + Level 1.0 Transmutations
 + Level 5.5 Fire Magic
 + Level 1.0 Ice Magic
 + Level 1.0 Air Magic
 + Level 1.0 Earth Magic
 + Level 1.0 Poison Magic
 + Level 1.3 Invocations
 + Level 1.2 Evocations


You had 7 spell levels left.
You knew the following spells:

 Your Spells              Type           Power      Damage    Failure   Level
a - Scorch                Fire           36%        2d6       3%          2

Your spell library contained the following spells:

 Spells                   Type           Power      Damage    Failure   Level


Dungeon Overview and Level Annotations

Branches:
Dungeon (4/15)             Temple (0/1) D:4

Altars:

Shops:
D:3 ?   D:4 *

Annotations:
D:4 Dowan, Duvessa, Sigmund


Innate Abilities, Weirdness & Mutations

You have very sharp teeth.
Your uncanny sense of smell can sniff out nearby items.
Your experience applies equally to all skills.


Message History

The adder is no longer more vulnerable to fire.
The adder bites you. x2
You are more poisoned.
The adder poisons you!
Okay, then.
You feel sick.
Dowan, Brother of Duvessa comes into view.
He is wielding a +0 dagger.
You feel sick.
You feel sick. The adder bites you.
You feel sick.
You feel sick.
You feel sick. The adder closely misses you.
You feel sick.
You feel sick.
You are no longer poisoned.
The adder bites you. The adder closely misses you. The adder bites you.
The adder barely misses you.
Duvessa says, "I don't care about looks, I care about technique!"
Duvessa says, "My weaknesses are his strengths!"
The adder bites you.
You are poisoned.
The adder poisons you!
You feel sick.
There is a staircase to the Ecumenical Temple here.
You feel sick.
Dowan points at Duvessa and mumbles some strange words.
Duvessa seems to speed up.
You feel sick. The adder bites you.
* * * LOW HITPOINT WARNING * * *
* * * LOW HITPOINT WARNING * * *
You feel sick.
* * * LOW HITPOINT WARNING * * *
You feel sick.
Dowan gestures wildly while chanting.
Dowan blinks!
* * * LOW HITPOINT WARNING * * *
You feel sick. The adder bites you.
You die...

##.## ######.# #
#P.P# #.# #.##§####
#.# #.#P#...#P## #e#
#.....>....#####.##
....P#.e.#P........#
..#####.#######....#
#..####Pe.# #.##.#
#.....@S.## #.##.#
#.....##.########
#.##.### .....##.#
#.##...♣ ........#
#.##(#.. ...B...
#.##.#♣∩ .h. ...
#.##.#.. #.# #.#
#.#....♣ ####.# #.#
#...#### #...<# #.#
###.#


You could see Duvessa (fast), Dowan and an adder.

Vanquished Creatures
  A hound skeleton (D:4)
  An adder (D:3)
  2 worms
  2 dart slugs (D:3)
  An orc (D:3)
  4 ball pythons
  5 endoplasms
  2 giant cockroaches (D:1)
  3 goblins
  5 hobgoblins
  3 jackals (D:1)
  6 kobolds
  3 quokkas
  7 bats
  3 frilled lizards
  3 rats
51 creatures vanquished.

Vanquished Creatures (others)
  A plant (D:4)
1 creature vanquished.

Grand Total: 52 creatures vanquished

Notes
Turn   | Place    | Note
-------+----------+-------------------------------------------
     0 | D:1      | 101zpm the Gnoll Cinder Acolyte began the quest for the
                  | Orb.
     0 | D:1      | Reached XP level 1. HP: 23/23 MP: 4/4
   147 | D:1      | Reached XP level 2. HP: 21/29 MP: 5/5
   981 | D:1      | Reached XP level 3. HP: 35/35 MP: 7/7
  1325 | D:2      | Found a faded altar of an unknown god.
  1745 | D:2      | Reached skill level 1 in Invocations
  2832 | D:3      | Reached skill level 1 in Short Blades
  2832 | D:3      | Reached skill level 1 in Long Blades
  2832 | D:3      | Reached skill level 1 in Maces & Flails
  2832 | D:3      | Reached skill level 1 in Polearms
  2832 | D:3      | Reached skill level 1 in Staves
  2832 | D:3      | Reached skill level 1 in Slings
  2832 | D:3      | Reached skill level 1 in Bows
  2832 | D:3      | Reached skill level 1 in Crossbows
  2832 | D:3      | Reached skill level 1 in Throwing
  2832 | D:3      | Reached skill level 1 in Armour
  2832 | D:3      | Reached skill level 1 in Dodging
  2832 | D:3      | Reached skill level 1 in Stealth
  2832 | D:3      | Reached skill level 1 in Shields
  2832 | D:3      | Reached skill level 1 in Unarmed Combat
  2832 | D:3      | Reached skill level 1 in Evocations
  2991 | D:3      | Reached XP level 4. HP: 41/41 MP: 2/8
  3479 | D:3      | Found Athrutocs's Magic Scroll Emporium.
  3550 | D:4      | Noticed a black bear
  3747 | D:3      | Learned a level 2 spell: Scorch
  3812 | D:4      | Reached skill level 1 in Conjurations
  3812 | D:4      | Reached skill level 1 in Hexes
  3812 | D:4      | Reached skill level 1 in Summonings
  3812 | D:4      | Reached skill level 1 in Necromancy
  3812 | D:4      | Reached skill level 1 in Translocations
  3812 | D:4      | Reached skill level 1 in Transmutations
  3812 | D:4      | Reached skill level 1 in Ice Magic
  3812 | D:4      | Reached skill level 1 in Air Magic
  3812 | D:4      | Reached skill level 1 in Earth Magic
  3812 | D:4      | Reached skill level 1 in Poison Magic
  3857 | D:4      | Noticed Sigmund
  3939 | D:4      | Found Qemer's Assorted Antiques.
  3965 | D:4      | Found a staircase to the Ecumenical Temple.
  3971 | D:4      | Noticed Duvessa
  3973 | D:4      | Noticed Dowan
  4001 | D:4      | HP: 2/41 [poisoned by an adder]
  4001 | D:4      | Slain by an adder

Illustrated notes

Levels and vault maps discovered:
D:1:      saegor_arrival_fortress, layout_loops_ring, minmay_tetromino_s2
D:2:      layout_basic, ebering_ecumenical_altar_rust,
          hangedman_abyss_or_decor_stabs, minmay_liquid_box,
          minmay_quadrilaterals
D:3:      layout_basic, serial_shops, shop_scrolls
D:4:      layout_loops_ring, nicolae_overflow_hidden_temple,
          minmay_temple_entry_gardened_gates, serial_shops, nicolae_shop_trees,
          uniq_sigmund, uniq_duvessa

Skill      XL: |  1  2  3  4 |
---------------+-------------+-----
Invocations    | 1 |  1.3
Short Blades   | 1 |  1.2
Long Blades    | 1 |  1.2
Maces & Flails | 1 |  1.2
Polearms       | 1 |  1.2
Staves         | 1 |  1.2
Slings         | 1 |  1.2
Bows           | 1 |  1.2
Crossbows      | 1 |  1.2
Throwing       | 1 |  1.2
Armour         | 1 |  1.2
Dodging        | 1 |  1.2
Stealth        | 1 |  1.2
Shields        | 1 |  1.2
Unarmed Combat | 1 |  1.2
Evocations     | 1 |  1.2
Spellcasting   | 3 |  3.0
Conjurations   | 1 |  1.0
Hexes          | 1 |  1.0
Summonings     | 1 |  1.0
Necromancy     | 1 |  1.0
Translocations | 1 |  1.0
Transmutations | 1 |  1.0
Ice Magic      | 1 |  1.0
Air Magic      | 1 |  1.0
Earth Magic    | 1 |  1.0
Poison Magic   | 1 |  1.0
Fighting       | |  6.6
Axes           | |  6.6
Fire Magic     | |  5.5

Action                   |  1- 3 |  4- 6 || total
-------------------------+-------+-------++-------
Melee: Hand axe          |    90 |       ||    90
       Bite              |     8 |     2 ||    10
       Spear             |    29 |    30 ||    59
       Punch             |     3 |     1 ||     4
 Cast: Scorch            |       |     2 ||     2
  Use: Scroll            |       |     4 ||     4
 Stab: Sleeping          |     3 |     1 ||     4
Armor: Robe              |    13 |     3 ||    16
Dodge: Dodged            |    52 |    19 ||    71
